[ AOE2 MATCH · #505628427 ]
UnrankedMongols vs Bulgarians
Player's team · WIN
[ REPLAY ANALYSIS · EXTRACTED FROM THE RECORDED GAME ]
Feudal
8:27
Castle
23:25
Imperial
—
| APM avg | 87.6 |
| APM peak | 138 |
| eAPM avg | 53.3 |
| Villagers / military | 211 / 66 |
Focus
⚔️ 54.0% · 🌾 46.0%
Mangudai ×26 · Steppe Lancer ×16 · Archer ×7 · Monk ×6 · Skirmisher ×4 · Scout Cavalry ×4
Feudal
9:15
Castle
24:26
Imperial
—
| APM avg | 58.7 |
| APM peak | 109 |
| eAPM avg | 34.4 |
| Villagers / military | 107 / 60 |
Focus
⚔️ 55.9% · 🌾 44.1%
Konnik ×20 · Militia ×20 · Monk ×5 · Knight ×5 · Spearman ×4 · Battering Ram ×3
Match map
Initial resources + every placement click. Lines = walls · curves = elevation contours. ◆ gold · ⬟ stone · ● berries · ✦ relic · ◌ wall gap
Your base· Open — 9t gap
TAG_Sora Kuma's base· Open — unwalled flank
Smoothed initial terrain · ◌ = detected wall gap · hover for details
Inputs per minute
— Oni.TheViper - - TAG_Sora Kuma
Build order — Oni.TheViper
First 150 of 477 actions detected
| 0:00 | Create | Villager (Male) |
| 0:01 | Create | Villager (Male) |
| 0:01 | Create | Villager (Male) |
| 0:01 | Create | Villager (Male) |
| 0:02 | Build | House |
| 0:03 | Build | House |
| 1:14 | Create | Villager (Male) |
| 1:49 | Create | Villager (Male) |
| 2:19 | Create | Villager (Male) |
| 2:22 | Build | Lumber Camp |
| 2:45 | Create | Villager (Male) |
| 2:45 | Create | Villager (Male) |
| 2:45 | Create | Villager (Male) |
| 3:12 | Create | Villager (Male) |
| 3:37 | Create | Villager (Male) |
| 3:50 | Create | Villager (Male) |
| 3:52 | Create | Villager (Male) |
| 4:11 | Create | Villager (Male) |
| 4:17 | Build | House |
| 4:35 | Build | Mill |
| 5:44 | Research | Loom |
| 6:11 | Research | Feudal Age |
| 6:50 | Build | Barracks |
| 7:24 | Build | House |
| 8:07 | Create | Villager (Male) |
| 8:27 | Age | Feudal Age |
| 8:29 | Build | Stable |
| 8:31 | Research | Double-Bit Axe |
| 8:31 | Create | Spearman |
| 8:34 | Create | Villager (Male) |
| 8:57 | Create | Villager (Male) |
| 9:07 | Build | House |
| 9:11 | Create | Scout Cavalry |
| 9:11 | Create | Scout Cavalry |
| 9:13 | Create | Villager (Male) |
| 9:33 | Build | Archery Range |
| 9:35 | Create | Villager (Male) |
| 9:45 | Create | Scout Cavalry |
| 9:56 | Build | Palisade Wall |
| 9:58 | Build | Palisade Wall |
| 10:13 | Build | Palisade Wall |
| 10:15 | Build | Palisade Wall |
| 10:26 | Build | Mill |
| 10:27 | Create | Archer |
| 10:27 | Create | Archer |
| 10:31 | Create | Scout Cavalry |
| 10:37 | Create | Villager (Male) |
| 10:53 | Build | House |
| 11:02 | Create | Archer |
| 11:05 | Build | House |
| 11:14 | Build | House |
| 11:14 | Build | House |
| 11:24 | Build | Mill |
| 11:52 | Create | Villager (Male) |
| 12:21 | Build | Farm |
| 12:24 | Create | Villager (Male) |
| 12:41 | Create | Villager (Male) |
| 12:49 | Create | Villager (Male) |
| 12:51 | Build | Farm |
| 13:02 | Create | Villager (Male) |
| 13:16 | Create | Villager (Male) |
| 13:47 | Create | Villager (Male) |
| 13:50 | Create | Villager (Male) |
| 14:01 | Create | Villager (Male) |
| 14:05 | Create | Villager (Male) |
| 14:08 | Build | Mill |
| 14:16 | Build | House |
| 14:19 | Create | Skirmisher |
| 14:23 | Build | Palisade Wall |
| 14:30 | Build | Farm |
| 14:30 | Build | Farm |
| 14:37 | Create | Villager (Male) |
| 14:40 | Create | Villager (Male) |
| 14:41 | Create | Skirmisher |
| 14:58 | Create | Villager (Male) |
| 15:02 | Build | Mining Camp |
| 15:09 | Build | Palisade Wall |
| 15:14 | Create | Villager (Male) |
| 15:23 | Create | Villager (Male) |
| 15:49 | Create | Villager (Male) |
| 16:01 | Build | Farm |
| 16:01 | Build | Farm |
| 16:01 | Create | Villager (Male) |
| 16:03 | Build | Farm |
| 16:03 | Build | Farm |
| 16:03 | Build | Farm |
| 16:12 | Build | Farm |
| 16:13 | Create | Villager (Male) |
| 16:35 | Create | Skirmisher |
| 16:36 | Build | Farm |
| 16:37 | Build | Farm |
| 16:38 | Research | Horse Collar |
| 16:45 | Build | Palisade Wall |
| 16:47 | Build | House |
| 16:48 | Create | Villager (Male) |
| 16:55 | Create | Skirmisher |
| 16:58 | Create | Villager (Male) |
| 17:02 | Build | House |
| 17:14 | Research | Wheelbarrow |
| 17:22 | Create | Archer |
| 17:23 | Create | Villager (Male) |
| 17:30 | Create | Villager (Male) |
| 17:38 | Create | Archer |
| 17:39 | Create | Villager (Male) |
| 17:43 | Create | Villager (Male) |
| 17:44 | Create | Villager (Male) |
| 17:47 | Build | Blacksmith |
| 17:54 | Create | Villager (Male) |
| 18:04 | Build | Farm |
| 18:04 | Build | Farm |
| 18:28 | Create | Archer |
| 18:41 | Research | Fletching |
| 19:21 | Create | Villager (Male) |
| 19:22 | Build | Market |
| 19:26 | Create | Archer |
| 19:28 | Research | Bloodlines |
| 19:37 | Create | Villager (Male) |
| 19:40 | Build | House |
| 19:41 | Build | House |
| 19:41 | Build | House |
| 20:13 | Build | Farm |
| 20:18 | Create | Villager (Male) |
| 20:20 | Build | Lumber Camp |
| 20:22 | Build | Lumber Camp |
| 20:45 | Research | Castle Age |
| 20:46 | Research | Castle Age |
| 21:26 | Build | Mining Camp |
| 21:37 | Build | Mining Camp |
| 22:06 | Build | Stable |
| 22:08 | Research | Gold Mining |
| 22:18 | Create | Villager (Male) |
| 22:56 | Build | Stable |
| 23:04 | Research | Scale Barding Armor |
| 23:08 | Research | Forging |
| 23:10 | Create | Villager (Male) |
| 23:25 | Age | Castle Age |
| 23:27 | Create | Steppe Lancer |
| 23:28 | Research | Scale Barding Armor |
| 23:35 | Create | Steppe Lancer |
| 23:37 | Build | Monastery |
| 23:40 | Create | Villager (Male) |
| 23:41 | Research | Bow Saw |
| 24:00 | Create | Steppe Lancer |
| 24:00 | Create | Steppe Lancer |
| 24:09 | Create | Villager (Male) |
| 24:17 | Create | Steppe Lancer |
| 24:18 | Create | Steppe Lancer |
| 24:21 | Create | Steppe Lancer |
| 24:22 | Create | Steppe Lancer |
| 24:22 | Create | Steppe Lancer |
Build order — TAG_Sora Kuma
First 150 of 299 actions detected
| 0:00 | Create | Villager (Male) |
| 0:02 | Build | House |
| 0:03 | Build | House |
| 0:09 | Create | Villager (Male) |
| 0:14 | Create | Villager (Male) |
| 0:15 | Create | Villager (Male) |
| 1:28 | Create | Villager (Male) |
| 1:52 | Create | Villager (Male) |
| 2:24 | Create | Villager (Male) |
| 2:48 | Create | Villager (Male) |
| 3:12 | Build | Mill |
| 3:18 | Create | Villager (Male) |
| 3:19 | Create | Villager (Male) |
| 3:37 | Create | Villager (Male) |
| 3:46 | Create | Villager (Male) |
| 3:49 | Build | House |
| 4:05 | Create | Villager (Male) |
| 4:35 | Build | Lumber Camp |
| 4:36 | Create | Villager (Male) |
| 4:46 | Create | Villager (Male) |
| 4:54 | Create | Villager (Male) |
| 5:08 | Create | Villager (Male) |
| 5:54 | Research | Loom |
| 6:58 | Research | Feudal Age |
| 6:58 | Research | Feudal Age |
| 7:03 | Build | Barracks |
| 7:38 | Build | House |
| 7:57 | Create | Militia |
| 8:00 | Create | Militia |
| 8:14 | Build | Mill |
| 8:21 | Create | Militia |
| 8:59 | Build | Mining Camp |
| 9:02 | Create | Villager (Male) |
| 9:15 | Age | Feudal Age |
| 9:22 | Create | Spearman |
| 9:28 | Research | Double-Bit Axe |
| 9:30 | Create | Villager (Male) |
| 9:33 | Build | House |
| 9:57 | Create | Villager (Male) |
| 9:59 | Build | House |
| 10:22 | Create | Villager (Male) |
| 10:36 | Create | Villager (Male) |
| 10:48 | Build | Farm |
| 10:50 | Build | Farm |
| 10:51 | Build | Farm |
| 11:02 | Create | Spearman |
| 11:05 | Create | Villager (Male) |
| 11:20 | Build | Farm |
| 11:25 | Build | House |
| 11:30 | Create | Militia |
| 11:34 | Create | Villager (Male) |
| 11:40 | Build | House |
| 11:51 | Create | Militia |
| 12:09 | Create | Villager (Male) |
| 12:13 | Build | Blacksmith |
| 12:14 | Create | Militia |
| 12:20 | Build | Farm |
| 12:23 | Create | Villager (Male) |
| 12:28 | Create | Spearman |
| 12:36 | Build | House |
| 12:38 | Build | Palisade Wall |
| 12:42 | Create | Villager (Male) |
| 13:00 | Research | Scale Mail Armor |
| 13:02 | Build | House |
| 13:03 | Create | Villager (Male) |
| 13:17 | Create | Militia |
| 13:25 | Build | Palisade Wall |
| 13:32 | Create | Villager (Male) |
| 13:40 | Create | Villager (Male) |
| 14:01 | Create | Militia |
| 14:06 | Build | Farm |
| 14:08 | Build | Farm |
| 14:08 | Build | Farm |
| 14:09 | Build | Farm |
| 14:11 | Create | Villager (Male) |
| 14:30 | Create | Villager (Male) |
| 14:31 | Create | Villager (Male) |
| 14:54 | Create | Militia |
| 15:00 | Build | Farm |
| 15:18 | Create | Villager (Male) |
| 15:23 | Create | Spearman |
| 15:37 | Build | Farm |
| 15:37 | Build | Farm |
| 15:37 | Build | Farm |
| 15:37 | Build | Farm |
| 15:52 | Create | Villager (Male) |
| 16:07 | Create | Villager (Male) |
| 16:08 | Create | Militia |
| 16:14 | Build | Farm |
| 16:15 | Build | Farm |
| 16:25 | Create | Militia |
| 16:35 | Research | Horse Collar |
| 16:45 | Research | Forging |
| 16:50 | Create | Villager (Male) |
| 17:03 | Create | Militia |
| 17:09 | Create | Villager (Male) |
| 17:10 | Create | Villager (Male) |
| 17:11 | Build | House |
| 17:12 | Build | House |
| 17:24 | Build | Farm |
| 17:26 | Create | Militia |
| 17:37 | Create | Militia |
| 17:39 | Create | Villager (Male) |
| 17:45 | Create | Villager (Male) |
| 17:58 | Create | Militia |
| 18:00 | Build | House |
| 18:02 | Build | House |
| 18:15 | Build | Mining Camp |
| 18:17 | Create | Villager (Male) |
| 18:27 | Build | Watch Tower |
| 18:31 | Create | Militia |
| 18:34 | Create | Villager (Male) |
| 18:38 | Build | Farm |
| 18:40 | Build | Farm |
| 18:58 | Create | Militia |
| 19:14 | Create | Villager (Male) |
| 19:27 | Create | Villager (Male) |
| 19:43 | Build | Market |
| 19:51 | Create | Villager (Male) |
| 20:27 | Create | Villager (Male) |
| 20:32 | Research | Fletching |
| 20:43 | Create | Villager (Male) |
| 20:47 | Build | House |
| 20:48 | Build | House |
| 20:49 | Build | Palisade Wall |
| 21:21 | Build | Watch Tower |
| 21:29 | Create | Villager (Male) |
| 21:42 | Build | House |
| 21:46 | Research | Castle Age |
| 21:46 | Research | Castle Age |
| 22:17 | Create | Militia |
| 22:34 | Build | Stable |
| 22:37 | Create | Militia |
| 22:39 | Research | Scale Barding Armor |
| 22:43 | Build | House |
| 23:01 | Create | Militia |
| 23:18 | Build | House |
| 23:19 | Build | House |
| 23:20 | Build | House |
| 23:26 | Research | Gold Mining |
| 23:27 | Research | Arson |
| 23:28 | Research | Bloodlines |
| 23:41 | Build | Palisade Wall |
| 24:02 | Create | Villager (Male) |
| 24:26 | Age | Castle Age |
| 24:29 | Create | Knight |
| 24:31 | Create | Knight |
| 24:34 | Research | Squires |
| 24:37 | Research | Gambesons |
| 24:38 | Create | Villager (Male) |
Match timeline
| 6:50 | Oni.TheViper · first_building Barracks |
| 7:03 | TAG_Sora Kuma · first_building Barracks |
| 8:27 | Oni.TheViper · age_up feudal |
| 8:29 | Oni.TheViper · first_building Stable |
| 9:15 | TAG_Sora Kuma · age_up feudal |
| 9:33 | Oni.TheViper · first_building Archery Range |
| 9:56 | Oni.TheViper · wall_segment Palisade Wall x3 |
| 9:58 | Oni.TheViper · wall_segment Palisade Wall x2 |
| 10:13 | Oni.TheViper · wall_segment Palisade Wall x1 |
| 10:15 | Oni.TheViper · wall_segment Palisade Wall x1 |
| 12:38 | TAG_Sora Kuma · wall_segment Palisade Wall x8 |
| 13:25 | TAG_Sora Kuma · wall_segment Palisade Wall x1 |
| 14:23 | Oni.TheViper · wall_segment Palisade Wall x2 |
| 15:09 | Oni.TheViper · wall_segment Palisade Wall x5 |
| 16:45 | Oni.TheViper · wall_segment Palisade Wall x2 |
| 20:35 | Oni.TheViper · first_market_sell 100 wood |
| 20:49 | TAG_Sora Kuma · wall_segment Palisade Wall x1 |
| 22:34 | TAG_Sora Kuma · first_building Stable |
| 23:25 | Oni.TheViper · age_up castle |
| 23:37 | Oni.TheViper · first_building Monastery |
| 23:41 | TAG_Sora Kuma · wall_segment Palisade Wall x7 |
| 24:21 | Oni.TheViper · first_market_buy 100 food |
| 24:26 | TAG_Sora Kuma · age_up castle |
| 24:49 | Oni.TheViper · wall_segment Palisade Wall x1 |
| 25:03 | Oni.TheViper · wall_segment Palisade Wall x2 |
| 25:40 | TAG_Sora Kuma · wall_segment Stone Wall x2 |
| 25:55 | TAG_Sora Kuma · first_building Krepost |
| 25:59 | Oni.TheViper · wall_segment Stone Wall x1 |
| 26:44 | TAG_Sora Kuma · wall_segment Stone Wall x1 |
| 26:50 | TAG_Sora Kuma · wall_segment Stone Wall x1 |
| 26:55 | TAG_Sora Kuma · wall_segment Stone Wall x1 |
| 28:17 | TAG_Sora Kuma · first_building Monastery |
| 28:30 | TAG_Sora Kuma · wall_segment Palisade Wall x1 |
| 28:31 | TAG_Sora Kuma · wall_segment Palisade Wall x1 |
| 30:33 | TAG_Sora Kuma · wall_segment Stone Wall x1 |
| 30:57 | TAG_Sora Kuma · wall_segment Stone Wall x1 |
| 30:58 | TAG_Sora Kuma · wall_segment Stone Wall x2 |
| 32:45 | Oni.TheViper · wall_segment Palisade Wall x1 |
| 37:27 | Oni.TheViper · first_building Castle |
| 38:03 | TAG_Sora Kuma · first_building Siege Workshop |
| 39:37 | TAG_Sora Kuma · first_market_buy 100 food |
| 42:28 | TAG_Sora Kuma · resign |
[ AI ANALYSIS · 1 CREDIT ]
What really happened in this match?
Wolo.gg analyzes every decision: build order, eco, micro, common mistakes by bracket. Personalized analysis on WhatsApp or Discord in 30 seconds.
Civ guide
Mongols
Perfil
TheViper